 Dungeon Crawl Stone Soup version 0.28-a0-1518-gbe868bca14 (webtiles) character file.

Game seed: 1239205961469643550

4531 issech the Cleaver (level 10, -2/88 HPs)
             Began as a Minotaur Fighter on Jan 17, 2022.
             Was a High Priest of Elyvilon.
             Slain by a shadow (15 damage)
             ... on level 9 of the Dungeon.
             The game lasted 01:20:59 (11542 turns).

issech the Cleaver (Minotaur Fighter)              Turns: 11542, Time: 01:21:00

Health: -2/88      AC:  0    Str: 25    XL:     10   Next: 17%
Magic:  9/9        EV: 20    Int:  5    God:    Elyvilon [*****.]
Gold:   427        SH:  0    Dex: 15    Spells: 7/9 levels left

rFire   . . .      SeeInvis .   (weapon currently unavailable)
rCold   . . .      Faith    .   (shield currently unavailable)
rNeg    . . .      Spirit   .   (armour currently unavailable)
rPois   .          Reflect  .   (helmet currently unavailable)
rElec   .          Harm     .   (cloak currently unavailable)
rCorr   .          Rampage  .   (gloves currently unavailable)
Will    .....                   (boots currently unavailable)
Stlth   ++........              v - amulet of magic regeneration
HPRegen 0.24/turn               (ring currently unavailable)
MPRegen 0.51/turn               (ring currently unavailable)

@: bat-form, flying, very quick
A: fast, flying, no casting, tiny, (horns 2), (retaliatory headbutt)
a: Renounce Religion, Purification, Heal Other, Heal Self, Divine Vigour


You were on level 9 of the Dungeon.
You worshipped Elyvilon.
Elyvilon was extremely pleased with you.
You were a bat.
You visited 2 branches of the dungeon, and saw 10 of its levels.

You collected 427 gold pieces.

Inventory:

Hand Weapons
 a - a +0 war axe
 o - a +2 dagger of freezing
 p - the +5 dagger "Xaukosiu" {vorpal, Will++ Str-2 Int+5}
   (You found it on level 2 of the Dungeon)

   It inflicts extra damage upon your enemies.
   Str:       It affects your strength (-2).
   Int:       It affects your intelligence (+5).
   Will:      It greatly increases your willpower.
 t - a +0 hunting sling
 E - a +0 arbalest
 G - a +0 mace of protection
 H - a +0 dagger of venom
 K - a +1 vorpal flail
 M - a +0 shortbow
 P - the +11 short sword "Ugeidad" (melded) {protect, Dex+2}
   (You took it off a gnoll on level 7 of the Dungeon)

   It grants its wielder temporary protection when it strikes (+7 to AC).
   Dex:       It affects your dexterity (+2).
 R - the +5 spear "Cahiuqeb" {drain, rPois Int+3}
   (You found it on level 8 of the Dungeon)

   A truly terrible weapon, it drains the life of any living foe it strikes.
   Int:       It affects your intelligence (+3).
   rPois:     It protects you from poison.
   Elyvilon disapproves of the use of such an item.
 T - a +0 whip of flaming
Missiles
 j - 8 atropa-tipped darts
 l - a curare-tipped dart
 m - 237 stones
 s - 29 sling bullets
 w - 28 poisoned darts
 B - 141 arrows
 D - 4 boomerangs
Armour
 c - a +0 buckler (melded)
 u - a +1 leather armour of positive energy
 J - a +0 chain mail
 L - a +0 plate armour (melded)
 N - a +0 pair of boots (melded)
 S - +0 steam dragon scales
 X - a +2 robe of fire resistance
Jewellery
 b - a ring of fire
 v - an amulet of magic regeneration (around neck)
 C - a +4 ring of evasion (melded)
 W - a ring of flight (melded)
 Z - a ring of fire
Wands
 r - a wand of paralysis (2)
 y - a wand of mindburst (11) (quivered)
 Q - a wand of digging (5)
Scrolls
 f - 5 scrolls of teleportation
 h - 2 scrolls of vulnerability
 i - a scroll of noise {unknown}
 n - 3 scrolls of magic mapping
 q - 2 scrolls of amnesia
 x - a scroll of silence {unknown}
 F - a scroll of summoning {unknown}
 I - 2 scrolls of identify
 O - a scroll of fear {unknown}
 V - a scroll of immolation {unknown}
Potions
 d - 2 potions of might
 e - 2 potions of lignification
 g - a potion of degeneration {unknown}
 k - 2 potions of mutation
 z - a potion of brilliance {unknown}
 A - 2 potions of flight
 U - 2 potions of attraction


   Skills:
 + Level 7.7 Fighting
 + Level 3.7 Short Blades
 + Level 11.3 Axes
 + Level 9.4 Armour
 + Level 3.3 Dodging
 + Level 0.6 Stealth
 + Level 7.0 Shields


You had 7 spell levels left.
You knew the following spells:

 Your Spells              Type           Power      Damage    Failure   Level
a - Apportation           Tloc           0%         N/A       47%         1
b - Summon Small Mammal   Summ           0%         N/A       47%         1

Your spell library contained the following spells:

 Spells                   Type           Power      Damage    Failure   Level
 Animate Skeleton         Necr           0%         N/A       47%         1
 Pain                     Necr           0%         1d4       47%         1
 Vampiric Draining        Necr           0%         2d6       85%         3


Dungeon Overview and Level Annotations

Branches:
Dungeon (9/15)             Temple (1/1) D:5
   Lair: D:8-11         Orc: D:9-12

Altars:
Ashenzari
Dithmenos
Elyvilon
Fedhas
Gozag
Hepliaklqana
Kikubaaqudgha
Makhleb
Nemelex Xobeh
Okawaru
Qazlal
Ru
Sif Muna
Trog
Uskayaw
Vehumet
Wu Jian
Xom
Yredelemnul
Zin
The Shining One

Shops:
D:5 (

Annotations:
D:6 2 transporters, awesomeguy42's ghost, novice HuNe
D:9 Psyche


Innate Abilities, Weirdness & Mutations

You are a bat.
You are tiny and dextrous.
You move quickly.
You are flying.
Your equipment is almost entirely melded.
You are incapable of wielding weapons or throwing items.
You cannot cast spells.
((You have a pair of horns on your head.))
((You reflexively headbutt those who attack you in melee.))


Message History

Found 9 gold pieces.
A centaur zombie comes into view.
The shadow strikes at you from the darkness!
Elyvilon protects you from harm!
Reactivating autopickup.
The shadow closely misses you.
You hit the shadow.
The shadow is lightly damaged.
The shadow hits you!
* * * LOW HITPOINT WARNING * * *
You hit the shadow.
The shadow is lightly damaged.
You barely miss the shadow.
The shadow is lightly damaged.
The centaur zombie barely misses you. The centaur zombie kicks you.
* * * LOW HITPOINT WARNING * * *
The shadow barely misses you.
The centaur zombie completely misses you.
The centaur zombie misses you.
You hit the shadow.
The shadow is moderately damaged.
The shadow misses you. The centaur zombie barely misses you.
The centaur zombie closely misses you.
You hit the shadow.
The shadow is moderately damaged.
The shadow misses you. The centaur zombie hits you.
* * * LOW HITPOINT WARNING * * *
The centaur zombie completely misses you.
You hit the shadow but do no damage.
The shadow is moderately damaged.
The centaur zombie hits you.
* * * LOW HITPOINT WARNING * * *
The centaur zombie misses you.
The shadow slips into darkness.
The shadow flickers and vanishes!
Deactivating autopickup; reactivate with Ctrl-A.
You hit something but do no damage. The centaur zombie misses you.
The centaur zombie closely misses you.
The shadow strikes at you from the darkness!
You die...

#..... #.....#
#####.#.#.######
......#.#......#
....###.###....#
...............+
....###.###Z...#
..$...#.#.b....#
##.#.#{######
#.....# #.....#
#.....# #.....#
###'### #.. ####


You could see a centaur zombie.

Vanquished Creatures
  Pikel (D:9)
  3 steam dragons
  Menkaure (D:7)
  2 acid dragons
  A water moccasin (D:3)
  Duvessa (D:6)
  2 orc warriors
  2 sky beasts (D:6)
  3 ice beasts
  2 necrophages
  An ogre (D:6)
  5 centaurs
  A lemure (D:9)
  A phantom (D:4)
  3 kobold brigands
  3 bullfrogs
  A gnoll sergeant (D:7)
  A water moccasin zombie (D:5)
  A wyvern skeleton (D:6)
  Dowan (D:6)
  A howler monkey (D:6)
  2 orc priests
  A hound (D:5)
  A jelly (D:7)
  2 centaur skeletons
  2 bullfrog skeletons
  A gnoll shaman (D:7)
  2 iguanas
  Ijyb (D:3)
  Natasha (thrice) (D:2)
  7 orc wizards
  A scorpion zombie (D:5)
  A killer bee zombie (D:6)
  2 hound skeletons (D:4)
  A howler monkey zombie (D:7)
  10 gnolls
  11 adders
  8 river rats (D:6)
  A shadow imp (D:6)
  A white imp (D:6)
  2 ufetubi
  2 worms
  2 dart slugs
  24 orcs
  6 ball pythons
  4 endoplasms
  5 giant cockroaches
  5 goblins
  11 hobgoblins
  17 kobolds
  13 quokkas
  7 bats
  2 frilled lizards
  18 rats
213 creatures vanquished.

Vanquished Creatures (others)
  8 plants (D:5)
8 creatures vanquished.

Grand Total: 221 creatures vanquished

Notes
Turn   | Place    | Note
-------+----------+-------------------------------------------
     0 | D:1      | issech the Minotaur Fighter began the quest for the Orb.
     0 | D:1      | Reached XP level 1. HP: 19/19 MP: 0/0
    36 | D:1      | You fall into a shaft and drop 1 floor!
   137 | D:1      | Reached XP level 2. HP: 16/27 MP: 1/1
   478 | D:1      | Found a faded altar of an unknown god.
   799 | D:1      | Prayed at the altar of an unknown god.
   799 | D:1      | Became a worshipper of Elyvilon the Healer
   799 | D:1      | Reached * piety under Elyvilon
   891 | D:2      | Reached XP level 3. HP: 33/33 MP: 2/2
   963 | D:2      | Noticed Natasha
   972 | D:2      | Killed Natasha
   973 | D:2      | Reached skill level 3 in Axes
   986 | D:2      | Identified the +5 dagger "Xaukosiu" {vorpal, Will++ Str-2
                  | Int+5}
  1434 | D:2      | Reached ** piety under Elyvilon
  1447 | D:2      | Reached XP level 4. HP: 38/40 MP: 3/3
  1452 | D:2      | Noticed Natasha
  1458 | D:2      | Killed Natasha
  1729 | D:2      | Noticed Natasha
  1739 | D:2      | Killed Natasha
  1916 | D:3      | Reached skill level 4 in Axes
  1916 | D:3      | Reached skill level 1 in Dodging
  1921 | D:3      | Found a blossoming altar of Fedhas.
  2007 | D:3      | Noticed a water moccasin
  2019 | D:3      | Killed a water moccasin
  2020 | D:3      | Reached skill level 5 in Armour
  2020 | D:3      | Reached XP level 5. HP: 3/47 MP: 4/4
  2482 | D:3      | Reached XP level 6. HP: 43/53 MP: 5/5
  2561 | D:3      | Reached skill level 5 in Axes
  2722 | D:3      | Noticed Ijyb
  2722 | D:3      | Paralysed by Ijyb for 7 turns
  2741 | D:3      | Killed Ijyb
  3158 | D:4      | Reached *** piety under Elyvilon
  3292 | D:4      | Found a white marble altar of Elyvilon.
  3509 | D:4      | Noticed an ice beast
  3535 | D:4      | Killed an ice beast
  3536 | D:4      | Reached skill level 5 in Fighting
  3963 | D:4      | Reached XP level 7. HP: 45/61 MP: 6/6
  4119 | D:4      | Learned a level 1 spell: Apportation
  4121 | D:4      | Learned a level 1 spell: Summon Small Mammal
  4128 | D:4      | Reached skill level 6 in Axes
  4422 | D:4      | Found a burning altar of Makhleb.
  4439 | D:4      | Reached skill level 5 in Shields
  4776 | D:5      | Entered Level 5 of the Dungeon
  4776 | D:5      | Reached **** piety under Elyvilon
  4959 | D:5      | Found a bloodstained altar of Trog.
  5065 | D:5      | Found Iremicsi's Weapon Emporium.
  5122 | D:5      | Found a staircase to the Ecumenical Temple.
  5148 | Temple   | Entered the Ecumenical Temple
  5795 | D:6      | Noticed a steam dragon
  5795 | D:6      | Found a transporter.
  5795 | D:6      | Found a transporter.
  5796 | D:6      | Noticed awesomeguy42's ghost (novice HuNe)
  5797 | D:6      | Noticed a hornet
  5804 | D:6      | Killed a steam dragon
  5805 | D:6      | Reached skill level 7 in Axes
  5805 | D:6      | Reached XP level 8. HP: 58/70 MP: 7/7
  6055 | D:6      | Reached skill level 8 in Axes
  6369 | D:6      | Noticed a queen bee
  6453 | D:6      | Reached skill level 9 in Axes
  6559 | D:6      | Noticed Duvessa
  6559 | D:6      | Noticed Dowan
  6573 | D:6      | Killed Dowan
  6588 | D:6      | Killed Duvessa
  7080 | D:6      | Found a glowing silver altar of Zin.
  7163 | D:6      | Reached XP level 9. HP: 72/78 MP: 8/8
  7863 | D:7      | Reached skill level 10 in Axes
  8158 | D:7      | Reached ***** piety under Elyvilon
  8460 | D:7      | Noticed Menkaure
  8476 | D:7      | Killed Menkaure
  8580 | D:7      | Identified the +11 short sword "Ugeidad" {protect, Dex+2}
  9132 | D:7      | Reached skill level 11 in Axes
 10049 | D:8      | Reached skill level 1 in Short Blades
 10925 | D:8      | Identified the +5 spear "Cahiuqeb" {drain, rPois Int+3}
 11090 | D:8      | Reached XP level 10. HP: 51/86 MP: 9/9
 11455 | D:9      | Noticed Pikel
 11468 | D:9      | Killed Pikel
 11489 | D:9      | Noticed Psyche
 11490 | D:9      | Noticed a molten gargoyle
 11490 | D:9      | Noticed a molten gargoyle
 11530 | D:9      | Elyvilon protects you from harm!
 11542 | D:9      | Slain by a shadow

Illustrated notes

Levels and vault maps discovered:
D:1:      psy_arrival_dodecagon, layout_basic, basic_ecumenical_altar
D:2:      layout_basic, uniq_natasha
D:3:      layout_basic, fedhas_ov_isle_minmay, uniq_ijyb
D:4:      layout_basic, makhleb_blood_cavern_becter,
          nicolae_overflow_crystal_walls
D:5:      layout_loops_cross, mainiacjoe_overflow_boulevard, temple_hall,
          serial_shops, shop_statue, serial_bayou_pond_a
D:6:      lemuel_ratsnest, layout_gridville, marbit_many_paths,
          gammafunk_ghost_hive, uniq_duvessa
D:7:      layout_cave_pods, minmay_misc_feat_roman, uniq_menkaure
D:8:      layout_cave_pools
D:9:      minmay_razor_zed, layout_basic, kennysheep_minor_cross, minivault_8,
          uniq_pikel, uniq_psyche
Temple:   eino_temple_scatter_basement

Skill      XL: |  1  2  3  4  5  6  7  8  9 10 |
---------------+-------------------------------+-----
Fighting       | 4 5 6 7 |  7.7
Armour         | 4 5 6 7 9 |  9.4
Shields        | 4 5 6 7 |  7.0
Axes           | 3 4 5 7 9 11 | 11.3
Dodging        | 1 2 3 |  3.3
Short Blades   | 2 3 |  3.7
Stealth        | |  0.6

Action                   |  1- 3 |  4- 6 |  7- 9 | 10-12 || total
-------------------------+-------+-------+-------+-------++-------
Melee: War axe           |    59 |   149 |   315 |       ||   523
       Headbutt          |    11 |    22 |    86 |     5 ||   124
       Short sword       |       |       |   108 |    20 ||   128
       Unarmed           |       |       |       |     7 ||     7
  Use: Potion            |       |     1 |     4 |     1 ||     6
       Scroll            |       |     1 |     8 |     1 ||    10
Armor: Scale mail        |    30 |    18 |       |       ||    48
       Chain mail        |       |    43 |   178 |       ||   221
       Plate armour      |       |       |    20 |    19 ||    39
Dodge: Dodged            |    30 |    63 |   243 |    20 ||   356
Block: Buckler           |    10 |    44 |   114 |     7 ||   175

Table legend: (Time is in decaauts)
 A = Elapsed time spent in this place.
 B = Non-inter-level travel time spent in this place.
 C = Inter-level travel time spent in this place.
 D = Time resting spent in this place.
 E = Time spent auto-exploring this place.
 F = Levels seen in this place.
 G = Mean time per level.
                   A        B        C        D        E       F      G
               +--------+--------+--------+--------+--------+-----+--------+
         Total |  11694 |  11658 |     36 |   2924 |   3162 |  10 | 1169.4 |
       Dungeon |  11450 |  11450 |      0 |   2924 |   3099 |   9 | 1272.2 |
        Temple |    244 |    208 |     36 |      0 |     63 |   1 |  244.0 |
               +--------+--------+--------+--------+--------+-----+--------+

Top non-repeatable levels by time:
     D:7: 2701 daAuts
     D:6: 2096 daAuts
     D:4: 1694 daAuts
     D:3: 1236 daAuts
     D:2: 1112 daAuts
     D:8: 858 daAuts
     D:1: 826 daAuts
     D:5: 787 daAuts
  Temple: 244 daAuts
     D:9: 136 daAuts
